 Dungeon Crawl Stone Soup version 0.30.0-5-g1a98f26d00 (webtiles) character file.

Game seed: 9237005835625840023

2 Kass the Covert (level 1, -1/23 HPs)
             Began as a Gnoll Delver on May 12, 2023.
             Slain by Menkaure (7 damage)
             ... on level 6 of the Dungeon.
             The game lasted 00:00:42 (132 turns).

Kass the Covert (Gnoll Delver)                       Turns: 132, Time: 00:00:42

Health: -1/23      AC:  3    Str: 11    XL:     1   Next: 30%
Magic:  1/1        EV: 13    Int:  9    God:
Gold:   11         SH:  0    Dex: 13    Spells: 0/0 levels left

rFire   . . .        a - +0 spear
rCold   . . .        (no shield)
rNeg    . . .        b - +0 leather armour
rPois   .            (no helmet)
rElec   .            (no cloak)
rCorr   .            (no gloves)
SInv    .            (no boots)
Will    .....        (no amulet)
Stlth   ++++         (no ring)
HPRegen 0.23/turn    (no ring)
MPRegen 0.07/turn

%: no passive effects
@: no status effects
A: fangs 1, strong nose, distributed training
a: no special abilities


You were on level 6 of the Dungeon.
You visited 1 branch of the dungeon, and saw 2 of its levels.

You collected 11 gold pieces.

Inventory:

Hand Weapons
 a - a +0 spear (weapon)
Missiles
 h - 2 boomerangs (quivered)
Armour
 b - a +0 leather armour (worn)
Wands
 g - a wand of digging (3)
Scrolls
 c - a scroll of fog
 d - a scroll of magic mapping
 e - a scroll of fear
Potions
 f - a potion of haste


   Skills:
 + Level 6.4 Fighting
 + Level 0.0 Short Blades
 + Level 0.0 Long Blades
 + Level 0.0 Axes
 + Level 0.0 Maces & Flails
 + Level 4.4 Polearms
 + Level 0.0 Staves
 + Level 0.0 Ranged Weapons
 + Level 0.0 Throwing
 + Level 0.0 Armour
 + Level 4.4 Dodging
 + Level 9.5 Stealth
 + Level 0.0 Shields
 + Level 0.0 Unarmed Combat
 + Level 0.0 Spellcasting
 + Level 0.0 Conjurations
 + Level 0.0 Hexes
 + Level 0.0 Summonings
 + Level 0.0 Necromancy
 + Level 0.0 Translocations
 + Level 0.0 Transmutations
 + Level 0.0 Fire Magic
 + Level 0.0 Ice Magic
 + Level 0.0 Air Magic
 + Level 0.0 Earth Magic
 + Level 0.0 Poison Magic
 + Level 0.1 Invocations
 + Level 0.0 Evocations


You couldn't memorise any spells.
You didn't know any spells.
Your spell library was empty.

Dungeon Overview and Level Annotations

Branches:
Dungeon (6/15)
 Temple: D:4-7

Altars:

Annotations:
D:6 Menkaure


Innate Abilities, Weirdness & Mutations

You have very sharp teeth.
Your uncanny sense of smell can sniff out nearby items.
Your experience applies equally to all skills.


Message History

There is a stone staircase leading up here.
You hit the orc. You bite the orc, but do no damage.
The orc is heavily wounded.
You barely miss the orc.
The orc is heavily wounded.
The orc closely misses you.
You hit the orc.
The orc is severely wounded.
The orc closely misses you.
You hit the orc.
You kill the orc!
Things that are here:
a +0 club; a +0 ring mail; an orc corpse You start resting.
HP restored.
Found a robe.
You see here a +0 robe.
Found 2 boomerangs.
Found a ruby potion.
You see here 2 boomerangs.
h - 2 boomerangs
Found a ring mail.
Menkaure, Prince of Dust comes into view.
Found an escape hatch in the floor.
Found a stone staircase leading down.
Found 11 gold pieces. 2 kobolds come into view.
You now have 11 gold pieces.
Menkaure shouts!
A sky beast comes into view.
You hit Menkaure.
Menkaure is lightly damaged.
The sky beast flickers out of sight!
Deactivating autopickup; reactivate with Ctrl-A.
Something hits you. Something shocks you.
You miss something. Menkaure barely misses you. Something hits you.
Something shocks you.
* * * LOW HITPOINT WARNING * * *
You closely miss something. Menkaure hits you!
You die...

∆ ∆ ∆ .. #######..
#.{...#.# #@###.#.# .
#M###...# .
###.#.[..###### .K
##########..............
#.
#............##.........
#.#
#.######.###.##.!.......
#.. #.# ##.#
#.##.........
#.##.#####..#
#.###.######
#....#......# #.# #.#


You could see Menkaure.

Vanquished Creatures
  An orc (D:6)
1 creature vanquished.

Notes
Turn   | Place    | Note
-------+----------+-------------------------------------------
     0 | D:5      | Reached skill level 9 in Stealth
     0 | D:5      | Kass the Gnoll Delver began the quest for the Orb.
     0 | D:5      | Reached XP level 1. HP: 23/23 MP: 1/1
    25 | D:5      | Noticed a wyvern
    78 | D:6      | Noticed Menkaure
   125 | D:6      | Noticed a sky beast
   132 | D:6      | Slain by Menkaure

Illustrated notes

Levels and vault maps discovered:
D:5:      gammafunk_cloud_chamber, layout_basic,
          grunt_temple_overflow_order_and_chaos_2, temple_green,
          chequers_ossuary_entry_cave, minmay_misc_feat_columns
D:6:      layout_basic, ashenzari_altar_1, minmay_between, uniq_menkaure,
          uniq_eustachio

Skill      XL: | |
---------------+-+-----
Stealth        | |  9.5
Fighting       | |  6.4
Polearms       | |  4.4
Dodging        | |  4.4
Invocations    | |  0.1

Action                     || total
---------------------------++-------
  Melee: Spear             ||     7
         Bite              ||     1
  Dodge: Dodged            ||     4
